 Dungeon Crawl Stone Soup version 0.21-a0-91-ga5031da (webtiles) character file.

173721 MackTheKnife the Warrior (level 18, -2/119 HPs)
             Began as a Gargoyle Earth Elementalist on June 27, 2017.
             Was a High Priest of Sif Muna.
             Slain by a spark wasp (5 damage)
             ... on level 4 of the Spider Nest on June 28, 2017.
             The game lasted 01:40:10 (39284 turns).

MackTheKnife the Warrior (GrEE)                    Turns: 39284, Time: 01:40:10

Health: -2/119     AC: 29    Str: 16 (17) XL:     18   Next: 5%
Magic:  0/33       EV: 15    Int: 33      God:    Sif Muna [*****.]
Gold:   1007       SH:  0    Dex: 11 (12) Spells: 14/40 levels left

rFire    . . .     SeeInvis +   a - +6 lajatang of an ossuary {freeze, +Fly rN+ Str+4 Int+3}
rCold    + . .     Gourm    .   (shield currently unavailable)
rNeg     + + +     Faith    .   t - +4 leather armour "Geboso" {Int+2}
rPois    ∞         Spirit   +   (helmet restricted)
rElec    +         Reflect  .   M - +2 cloak
rCorr    .         Harm     .   B - +0 pair of gloves
MR       +....                  u - +2 pair of boots
Stlth    ++........             T - amulet of the Final Decision {Spirit rN+ Int+2 Stlth+}
HPRegen  0.29/turn              S - ring "Gaprupoph" {rC+ SInv Stlth-}
MPRegen  0.23/turn              A - +5 ring of intelligence

@: about to teleport, flying, very slightly contaminated, invisible, divine
energy
A: big wings, horns 1, talons 1, blink, negative energy resistance 1,
electricity resistance, unbreathing, petrification resistance, rot immunity, AC
+13
a: Stop Flying, Blink, Stop Divine Energy, Channel Magic, Forget Spell, Renounce
Religion


You were on level 4 of the Spider Nest.
You worshipped Sif Muna.
Sif Muna was extremely pleased with you.
You were near starving.

You visited 5 branches of the dungeon, and saw 28 of its levels.
You also visited: Labyrinth and Ossuary.

You collected 2435 gold pieces.
You spent 1428 gold pieces at shops.

Inventory:

Hand Weapons
 a - the +6 lajatang of an ossuary (weapon) {freeze, +Fly rN+ Str+4 Int+3}
   (You found it in a labyrinth)

   It has been specially enchanted to freeze those struck by it, causing extra
   injury to most foes and up to half again as much damage against particularly
   susceptible opponents.
   It can also slow down cold-blooded creatures.
   It affects your strength (+4).
   It affects your intelligence (+3).
   It protects you from negative energy.
   It lets you fly.
Armour
 t - the +4 leather armour "Geboso" (worn) {Int+2}
   (You found it on level 5 of the Dungeon)

   It affects your intelligence (+2).
 u - a +2 pair of boots (worn)
   (You found it on level 2 of the Dungeon)
 B - a +0 pair of gloves (worn)
   (You found it on level 5 of the Dungeon)
 M - a +2 cloak (worn)
   (You bought it in a shop on level 2 of the Orcish Mines)
 Q - the +1 robe of Ashenzari's Supremacy {rPois rF+ Int+3 Dex+5}
   (You bought it in a shop on level 2 of the Orcish Mines)

   It affects your intelligence (+3).
   It affects your dexterity (+5).
   It protects you from fire.
   It protects you from poison.
Jewellery
 m - an uncursed ring of protection from magic {MR+, !d}
   (You found it on level 2 of the Spider Nest)
 q - an uncursed ring of wizardry {Wiz+, !d}
   (You found it on level 4 of the Dungeon)
 A - a +5 ring of intelligence (right hand)
   (You found it on level 3 of the Spider Nest)
 C - an uncursed ring of protection from fire {rF+, !d}
   (You took it off Maurice on level 13 of the Dungeon)
 S - the ring "Gaprupoph" (left hand) {rC+ SInv Stlth-}
   (You bought it in a shop on level 11 of the Dungeon)

   [ring of loudness]

   It protects you from cold.
   It lets you see invisible.
   It makes you less stealthy.
 T - the amulet of the Final Decision (around neck) {Spirit rN+ Int+2 Stlth+}
   (You bought it in a shop on level 11 of the Dungeon)

   [amulet of guardian spirit]

   It causes incoming damage to be split between your health and magic.
   It affects your intelligence (+2).
   It protects you from negative energy.
   It makes you more stealthy.
 Z - an uncursed amulet of guardian spirit {unknown}
   (You found it on level 3 of the Spider Nest)
Wands
 e - a wand of scattershot (6/9)
   (You found it on level 15 of the Dungeon)
 s - a wand of clouds (3/9)
   (You found it on level 3 of the Spider Nest)
 H - a wand of clouds (5/9)
   (You found it on level 4 of the Spider Nest)
 I - a wand of iceblast (7/15)
   (You found it on level 1 of the Lair of Beasts)
 N - a wand of disintegration (15/24)
   (You took it off Maurice on level 13 of the Dungeon)
 V - a wand of clouds (1/9)
   (You found it on level 2 of the Spider Nest)
 X - a wand of paralysis (7/24)
   (You found it on level 13 of the Dungeon)
Scrolls
 n - 3 scrolls of recharging
 p - 7 scrolls of remove curse
 v - 4 scrolls of amnesia
 y - 5 scrolls of fear
 z - a scroll of teleportation
 D - 5 scrolls of enchant armour
 L - a scroll of enchant weapon
 P - a scroll of fog
 R - 2 scrolls of blinking {!r}
Potions
 b - 2 potions of ambrosia
 c - a potion of resistance
 f - 3 potions of agility
 g - 13 potions of curing
 i - 2 potions of heal wounds
 k - 9 potions of haste
 r - 6 potions of flight
 x - a potion of invisibility
 E - a potion of lignification {!q}
 F - a potion of might
 K - a potion of brilliance
 W - a potion of berserk rage {unknown}
Books
 j - a book of Clouds
   (You found it on level 4 of the Spider Nest)
Miscellaneous
 h - a phial of floods
   (You found it on level 14 of the Dungeon)
 G - a phantom mirror
 J - a lamp of fire
   (You found it on level 1 of the Lair of Beasts)
 Y - a lightning rod (4/4)
   (You found it on level 2 of the Spider Nest)
Comestibles
 d - 5 bread rations {@e1}
 l - 12 meat rations {@e2}
 o - 27 royal jellies
 w - 25 fruits


   Skills:
 - Level 15.0 Fighting
 - Level 14.2 Staves
 - Level 7.1 Armour
 - Level 8.0 Dodging
 - Level 2.1 Stealth
 + Level 11.9 Spellcasting
 + Level 11.9 Conjurations
   Level 0.7 Transmutations
 - Level 7.7 Fire Magic
 - Level 11.1 Earth Magic
 - Level 9.3 Invocations
 - Level 5.4 Evocations


You had 14 spell levels left.
You knew the following spells:

 Your Spells              Type           Power        Failure   Level  Hunger
a - Lee's Rapid Deconstr  Erth           #######...   1%          5    #......
b - Mephitic Cloud        Conj/Pois/Air  #####...     1%          3    None
c - Conjure Flame         Conj/Fire      ######..     1%          3    None
d - Iron Shot             Conj/Erth      #######...   3%          6    ####...
f - Fireball              Conj/Fire      ######....   1%          5    #......
x - Stone Arrow           Conj/Erth      ######       1%          3    None
z - Sandblast             Erth           ######       1%          1    None


Dungeon Overview and Level Annotations

Branches:
Dungeon (15/15)            Temple (1/1) D:4            Lair (6/6) D:8
 Shoals (0/4) Lair:4       Spider (4/4) Lair:2        Slime (0/5) Lair:6
    Orc (2/2) D:11            Elf (0/3) Orc:2        Vaults (0/5) D:13
 Depths (0/5) D:15

Altars:
Ashenzari
Cheibriados
Dithmenos
Elyvilon
Fedhas
Gozag
Hepliaklqana
Kikubaaqudgha
Makhleb
Nemelex Xobeh
Okawaru
Qazlal
Ru
Sif Muna
Trog
Uskayaw
Vehumet
Wu Jian
Xom
Yredelemnul
Zin
The Shining One
Jiyva

Shops:
D:5 }   D:11 *   Orc:2 [[=(*

Annotations:
Lair:4 exclusion: oklob plant


Innate Abilities, Weirdness & Mutations

You are resistant to torment.
Your stone body is resilient. (AC +13)
You are immune to poison.
Your large and strong wings let you fly indefinitely.
You resist negative energy. (rN+)
You are resistant to electric shocks. (rElec)
You can survive without breathing.
You are immune to petrification.
You are immune to rotting.
You have a pair of small horns on your head.
You have sharp toenails.
You can translocate small distances at will.


Message History

The emperor scorpion misses you.
The emperor scorpion claws you but does no damage.
The emperor scorpion barely misses you.
You now have 0/33 mp.
Okay, then.
Unknown command.
You hit the emperor scorpion but do no damage.
The hornet is engulfed in freezing vapours. x2
The spark wasp stings you but does no damage.
The emperor scorpion is engulfed in blazing flames.
The emperor scorpion closely misses you.
The emperor scorpion claws you but does no damage. x2
Unknown command.
You fade into invisibility!
The hornet is engulfed in freezing vapours. x2
The spark wasp stings you!! The spark wasp shocks you. You resist.
The emperor scorpion barely misses you. The emperor scorpion misses you. x2
The hornet is engulfed in freezing vapours.
The emperor scorpion is engulfed in freezing vapours.
The hornet is engulfed in freezing vapours.
The spark wasp completely misses you.
You are very lightly contaminated with residual magic.
You take 25 damage, and have 42/119 hp.
MASSIVE DAMAGE!!
Unknown command.
You slash the emperor scorpion! You freeze the emperor scorpion.
Your headbutt misses the emperor scorpion.
You regain access to your magic.
The emperor scorpion is engulfed in blazing flames.
The emperor scorpion misses you. The emperor scorpion claws you.
The emperor scorpion closely misses you.
The hornet is engulfed in freezing vapours. x2
The spark wasp closely misses you.
You take 2 damage, and have 40/119 hp.
Unknown command.
You miss the emperor scorpion.
Your headbutt misses the emperor scorpion.
The emperor scorpion is engulfed in blazing flames.
The emperor scorpion closely misses you.
The emperor scorpion barely misses you.
The emperor scorpion claws you but does no damage.
The emperor scorpion is engulfed in freezing vapours.
The hornet is engulfed in freezing vapours.
You kill the hornet!
Sif Muna accepts your kill.
The hornet is engulfed in freezing vapours.
The spark wasp stings you but does no damage.
You closely miss the emperor scorpion.
The emperor scorpion closely misses you.
The emperor scorpion barely misses you.
The emperor scorpion claws you but does no damage.
The hornet is engulfed in freezing vapours.
You kill the hornet!
Sif Muna accepts your kill.
The emperor scorpion is engulfed in freezing vapours.
The spark wasp barely misses you.
You hit the emperor scorpion but do no damage.
Your headbutt misses the emperor scorpion.
The emperor scorpion is engulfed in blazing flames.
The emperor scorpion stings you but does no damage.
The emperor scorpion claws you. The emperor scorpion misses you.
The emperor scorpion is engulfed in blazing flames.
The emperor scorpion completely misses you.
The emperor scorpion misses you.
The emperor scorpion claws you but does no damage.
You take 2 damage, and have 39/119 hp.
You slash the emperor scorpion! You freeze the emperor scorpion.
You headbutt the emperor scorpion, but do no damage.
The emperor scorpion is engulfed in blazing flames.
The emperor scorpion closely misses you.
The emperor scorpion claws you but does no damage. x2
The spark wasp misses you.
You miss the emperor scorpion.
The emperor scorpion is engulfed in blazing flames.
The emperor scorpion barely misses you. The emperor scorpion claws you!
* * * LOW HITPOINT WARNING * * *
The emperor scorpion completely misses you.
The spark wasp stings you but does no damage.
You take 13 damage, and have 26/119 hp.
You now have 0/33 mp.
Unknown command.
You slash the emperor scorpion! You freeze the emperor scorpion.
You kill the emperor scorpion!
Sif Muna accepts your kill.
The emperor scorpion is engulfed in freezing vapours.
Unknown command.
The spark wasp is engulfed in blazing flames.
You see here a short sword.
You closely miss the spark wasp. You headbutt the spark wasp.
The spark wasp completely misses you. The spark wasp stings you!
* * * LOW HITPOINT WARNING * * *
The spark wasp shocks you. You resist.
* * * LOW HITPOINT WARNING * * *
You take 20 damage, and have 7/119 hp.
You now have 0/33 mp.
As you read the scroll of teleportation, it crumbles to dust.
You feel strangely unstable. The spark wasp stings you.
* * * LOW HITPOINT WARNING * * *
The spark wasp shocks you. You resist.
You die...

##### #≈≈≈### ####
#####≈)...#######≈≈##
###.≈≈≈y.....^≈≈#≈≈≈^.^
######.....@##.≈##≈...≈≈≈..#
####≈≈≈#...≈#..##≈†###...≈##.##
..≈≈≈≈≈≈..(#####s.≈# ##...≈###
s..≈##≈...≈# #..## #...≈# s
#..†≈.## #''# ##^.≈## ###..≈###
..##. ##...## ##^..≈## #y.. ..
####≈.≈# ##≈..≈≈# +.^. ..^
#..#≈†≈# #≈...≈#### ####
#####.≈≈≈≈^##


You could see a spark wasp.

Vanquished Creatures
  Jorgrun (Spider:3)
  3 ghost moths
  An orc warlord (Orc:1)
  Louise (Spider:2)
  6 emperor scorpions
  An entropy weaver (Spider:3)
  6 dire elephants
  A spark wasp (Spider:4)
  Snorg (Lair:5)
  A minotaur (Lab)
  Fannar (Orc:1)
  A rakshasa (D:15)
  7 hydras
  2 centaur warriors (D:15)
  13 two-headed ogres
  2 death knights (D:14)
  An anaconda (Lair:6)
  3 ogre magi
  A tengu warrior (D:15)
  4 orc high priests
  9 skeletal warriors
  An unseen horror (D:14)
  A glowing orange brain (shapeshifter) (D:15)
  The ghost of rexbael the Slinger, a novice HaFi of Okawaru (D:7)
  3 deep elf magi
  A glowing orange brain (D:15)
  A phantasmal warrior (D:14)
  21 orb spiders
  6 orc knights
  30 wolf spiders
  8 ugly things
  4 manticores
  Maurice (D:13)
  3 moths of wrath
  5 cyclopes
  7 orc sorcerers
  16 elephants
  A guardian serpent (shapeshifter) (D:15)
  Joseph (D:10)
  3 black mambas
  A merfolk siren (Lair:4)
  15 spiny frogs
  3 gargoyles
  A torpor snail (Spider:1)
  The ghost of Tutankhamun the Spear-Bearer, a novice GnMo (D:4)
  5 centaur skeletons
  4 rime drakes (Lair:6)
  3 freezing wraiths (D:14)
  An efreet (D:15)
  6 komodo dragons
  A redback zombie (D:13)
  4 kobold demonologists
  8 demonic crawlers
  2 polar bears (Lair:3)
  4 trolls
  44 jumping spiders
  2 queen bees (Lair:3)
  A polar bear (shapeshifter) (D:14)
  6 meliai (D:14)
  7 dream sheep (Lair:6)
  8 hornets
  8 slime creatures
  A hippogriff (shapeshifter) (D:15)
  3 blink frogs (Lair:5)
  15 hippogriffs
  22 tarantellas
  87 redbacks
  A shadow (D:11)
  3 wraiths
  6 wyverns
  6 basilisks
  39 yaks
  A human (D:7)
  4 hogs (D:7)
  7 hungry ghosts
  A steam dragon (D:11)
  4 vampire mosquitoes (D:14)
  7 wargs
  A naga (shapeshifter) (D:15)
  Edmund (D:6)
  An acid dragon (D:11)
  15 water moccasins
  9 porcupines
  Duvessa (D:7)
  28 orc warriors
  2 sky beasts
  4 ice beasts
  6 phantoms
  An eye of draining (D:12)
  A necrophage (D:6)
  5 wolves
  The ghost of rexbael the Poker, an amateur MfGl (D:3)
  14 ogres
  3 centaurs
  13 crocodiles
  3 big kobolds
  15 bullfrogs
  2 wyvern zombies
  2 wyvern skeletons
  A water moccasin skeleton (D:9)
  A hornet simulacrum (D:14)
  7 scorpions
  Dowan (D:7)
  50 killer bees
  16 wights
  3 howler monkeys (D:7)
  An electric eel (Spider:4)
  9 crimson imps
  6 centaur zombies
  9 hounds
  A bullfrog zombie (D:5)
  5 jellies
  A gnoll shaman (D:7)
  3 human zombies (Ossuary)
  18 orc priests
  2 bullfrog skeletons
  3 iguanas
  13 orc wizards
  3 hell rats (Lair:2)
  11 worker ants
  A hound skeleton (D:4)
  2 mummies
  2 worker ant zombies
  11 gnolls
  2 howler monkey skeletons (D:11)
  7 river rats (Lair:2)
  15 adders
  A shadow imp (D:10)
  3 oozes
  An adder zombie (D:5)
  A worm zombie (D:4)
  2 adder skeletons (D:6)
  7 worms
  3 dart slugs
  A leopard gecko (D:3)
  71 orcs
  A ball python (D:1)
  3 giant cockroaches
  4 hobgoblins
  5 jackals
  14 kobolds
  5 quokkas
  8 bats
  9 frilled lizards
  6 goblins
  A quokka zombie (D:7)
  3 rats
  A fungus (Lair:5)
  A plant (Lair:6)
1005 creatures vanquished.

Vanquished Creatures (collateral kills)
  The ghost of ciphuk the Quickloader, a journeyman KoHu of Nemelex Xobeh (Lair:2)
  2 orb spiders
  A tarantella (Spider:3)
  A killer bee (Lair:2)
  An orc (D:11)
6 creatures vanquished.

Vanquished Creatures (others)
  An orb spider (Spider:3)
  A wolf spider (Spider:4)
  An orc wizard (Orc:1)
  An orc (Orc:1)
  6 fungi
  7 plants
17 creatures vanquished.

Grand Total: 1028 creatures vanquished

Notes
Turn   | Place    | Note
-------+----------+-------------------------------------------
     0 | D:1      | MackTheKnife the Gargoyle Earth Elementalist began the quest for the Orb.
     0 | D:1      | Reached XP level 1. HP: 10/10 MP: 3/3
    96 | D:1      | Reached skill level 4 in Earth Magic
    97 | D:1      | Reached XP level 2. HP: 8/15 MP: 0/5
   673 | D:1      | Reached XP level 3. HP: 19/19 MP: 3/6
  1232 | D:2      | Learned a level 3 spell: Stone Arrow
  1611 | D:2      | Reached XP level 4. HP: 24/24 MP: 5/8
  1769 | D:3      | Reached skill level 1 in Conjurations
  1788 | D:3      | Found a blossoming altar of Fedhas.
  1797 | D:3      | Reached skill level 5 in Earth Magic
  2037 | D:3      | Reached skill level 3 in Spellcasting
  2244 | D:3      | Noticed an ogre
  2282 | D:3      | Killed an ogre
  2282 | D:3      | Reached skill level 2 in Conjurations
  2282 | D:3      | Reached XP level 5. HP: 28/28 MP: 0/10
  2490 | D:3      | Noticed rexbael's ghost (amateur MfGl)
  2497 | D:3      | Killed rexbael's ghost
  2497 | D:3      | Reached XP level 6. HP: 32/32 MP: 1/11
  2535 | D:3      | Reached skill level 6 in Earth Magic
  2828 | D:4      | Noticed Tutankhamun's ghost (novice GnMo)
  2839 | D:4      | Killed Tutankhamun's ghost
  2839 | D:4      | Reached skill level 4 in Spellcasting
  2839 | D:4      | Reached skill level 4 in Conjurations
  2839 | D:4      | Reached XP level 7. HP: 33/36 MP: 3/13
  2885 | D:4      | Found a sand-covered staircase.
  2919 | Ossuary  | Entered an ossuary
  2992 | Ossuary  | Reached skill level 7 in Earth Magic
  3531 | D:4      | Learned a level 5 spell: Lee's Rapid Deconstruction
  3537 | D:4      | Found a burning altar of Makhleb.
  3542 | D:4      | Reached XP level 8. HP: 42/42 MP: 5/15
  3667 | D:4      | Reached skill level 1 in Fighting
  3667 | D:4      | Reached skill level 1 in Armour
  3780 | D:4      | Reached skill level 2 in Fighting
  3782 | D:4      | Reached skill level 2 in Armour
  4032 | D:4      | Gained mutation: You are dopey. (Int -2) [potion of mutation]
  4032 | D:4      | Gained mutation: You are frail. (-10% HP) [potion of mutation]
  4032 | D:4      | Gained mutation: Scrolls take you a little longer to read. [potion of mutation]
  4032 | D:4      | Gained mutation: You are somewhat resistant to further mutation. [potion of mutation]
  4033 | D:4      | Lost mutation: You are frail. (-10% HP) [potion of mutation]
  4033 | D:4      | Lost mutation: You are dopey. (Int -2) [potion of mutation]
  4033 | D:4      | Lost mutation: Scrolls take you a little longer to read. [potion of mutation]
  4033 | D:4      | Lost mutation: You are somewhat resistant to further mutation. [potion of mutation]
  4033 | D:4      | Gained mutation: You can translocate small distances at will. [potion of mutation]
  4033 | D:4      | Gained mutation: You have sharp toenails. [potion of mutation]
  4033 | D:4      | Gained mutation: You have a pair of small horns on your head. [potion of mutation]
  4400 | D:4      | Found a staircase to the Ecumenical Temple.
  4409 | Temple   | Entered the Ecumenical Temple
  4465 | Temple   | Became a worshipper of Sif Muna the Loreminder
  4557 | D:5      | Entered Level 5 of the Dungeon
  4623 | D:5      | Got a scorched leather armour
  4657 | D:5      | Reached skill level 3 in Fighting
  4657 | D:5      | Reached skill level 3 in Armour
  4798 | D:5      | Reached skill level 5 in Spellcasting
  4839 | D:5      | Reached skill level 4 in Fighting
  4938 | D:5      | Identified the +4 leather armour "Geboso" {Int+2} (You found it on level 5 of the Dungeon)
  5133 | D:5      | Reached skill level 5 in Fighting
  5151 | D:5      | Reached XP level 9. HP: 54/54 MP: 0/17
  5443 | D:5      | Found Vuophutu's Gadget Shop.
  5640 | D:5      | Reached skill level 6 in Spellcasting
  5860 | D:6      | Noticed Edmund
  5865 | D:6      | Killed Edmund
  5865 | D:6      | Reached skill level 6 in Fighting
  5889 | D:6      | Reached * piety under Sif Muna
  6553 | D:7      | Noticed rexbael's ghost (novice HaFi)
  6571 | D:7      | Killed rexbael's ghost
  6571 | D:7      | Reached skill level 7 in Fighting
  6571 | D:7      | Reached skill level 7 in Spellcasting
  6760 | D:7      | Reached skill level 8 in Fighting
  6993 | D:7      | Reached skill level 5 in Conjurations
  7013 | D:7      | Reached XP level 10. HP: 64/64 MP: 18/21
  7180 | D:7      | Noticed Dowan
  7183 | D:7      | Noticed Duvessa
  7232 | D:7      | Killed Dowan
  7252 | D:7      | Reached ** piety under Sif Muna
  7252 | D:7      | Reached skill level 8 in Spellcasting
  7252 | D:7      | Reached skill level 8 in Earth Magic
  7290 | D:7      | Killed Duvessa
  7563 | D:7      | Reached skill level 6 in Conjurations
  8081 | D:8      | Reached skill level 1 in Evocations
  8252 | D:8      | Reached skill level 2 in Evocations
  8324 | D:8      | Found a bloodstained altar of Trog.
  8438 | D:8      | Found a sacrificial altar of Ru.
  8439 | D:8      | Found a staircase to the Lair.
  8763 | D:9      | Reached skill level 3 in Evocations
  9398 | D:9      | Reached skill level 4 in Evocations
  9797 | D:10     | Entered Level 10 of the Dungeon
 10123 | D:10     | Noticed Joseph
 10133 | D:10     | Killed Joseph
 10133 | D:10     | Reached skill level 5 in Evocations
 10146 | D:10     | Learned a level 3 spell: Conjure Flame
 10150 | D:10     | Learned a level 3 spell: Mephitic Cloud
 10201 | D:10     | Reached skill level 1 in Staves
 10209 | D:10     | Reached skill level 2 in Staves
 10209 | D:10     | Reached XP level 11. HP: 54/68 MP: 3/23
 10225 | D:10     | Reached skill level 3 in Staves
 10640 | Lair:1   | Entered Level 1 of the Lair of Beasts
 10665 | Lair:1   | Reached skill level 4 in Staves
 10709 | D:8      | Reached skill level 5 in Staves
 10909 | Lair:1   | Reached skill level 6 in Staves
 11288 | Lair:1   | Reached skill level 7 in Staves
 11518 | Lair:1   | Noticed a six-headed hydra
 11526 | Lair:1   | Killed a six-headed hydra
 11846 | Lair:1   | Reached skill level 8 in Staves
 11968 | Lair:1   | Upgraded the game from 0.21-a0-88-g13b9641 to 0.21-a0-91-ga5031da
 12121 | Lair:2   | Reached skill level 2 in Dodging
 12140 | Lair:2   | Reached skill level 4 in Armour
 12160 | Lair:2   | Found a hole to the Spider Nest.
 12465 | Lair:2   | Reached skill level 3 in Dodging
 12663 | Lair:2   | Noticed ciphuk's ghost (journeyman KoHu)
 12805 | Lair:2   | Killed ciphuk's ghost
 12805 | Lair:2   | Reached skill level 5 in Armour
 13008 | Lair:2   | Reached skill level 4 in Dodging
 13008 | Lair:2   | Reached XP level 12. HP: 73/73 MP: 11/24
 13518 | Lair:3   | Reached *** piety under Sif Muna
 13529 | Lair:3   | Reached skill level 5 in Dodging
 13595 | Lair:3   | HP: 18/73 [queen bee (3)]
 13987 | Lair:3   | Reached skill level 6 in Dodging
 14242 | Lair:3   | Reached skill level 7 in Dodging
 14741 | Lair:3   | Reached skill level 7 in Conjurations
 14767 | Lair:3   | Reached **** piety under Sif Muna
 14767 | Lair:3   | Reached skill level 9 in Spellcasting
 15241 | Lair:3   | Reached skill level 8 in Conjurations
 15406 | Lair:4   | Noticed a six-headed hydra
 15758 | Lair:4   | Reached XP level 13. HP: 78/78 MP: 13/26
 16113 | Lair:4   | Found a staircase to the Shoals.
 16347 | Lair:4   | Reached skill level 9 in Conjurations
 16480 | Lair:5   | Reached skill level 10 in Spellcasting
 16522 | Lair:5   | Reached ***** piety under Sif Muna
 16719 | Lair:5   | Noticed Snorg
 16731 | Lair:5   | Reached skill level 9 in Earth Magic
 16749 | Lair:5   | Killed Snorg
 16749 | Lair:5   | Received a gift from Sif Muna
 17670 | Lair:6   | Entered Level 6 of the Lair of Beasts
 17695 | Lair:6   | Found a labyrinth entrance.
 17699 | Lab      | Entered a labyrinth
 17747 | Lab      | Found an exit through the horrors of the Abyss.
 17833 | Lab      | Noticed a minotaur
 17848 | Lab      | HP: 18/78 [minotaur (18)]
 17856 | Lab      | Killed a minotaur
 17910 | Lab      | Got a polished lajatang
 17912 | Lab      | Identified the +6 lajatang of an ossuary {freeze, +Fly rN+ Str+4 Int+3} (You found it in a labyrinth)
 18617 | Lair:6   | Reached skill level 9 in Fighting
 18623 | Lair:6   | Reached skill level 9 in Staves
 19035 | Lair:6   | Found a viscous altar of Jiyva.
 19036 | Lair:6   | Found a staircase to the Slime Pits.
 19279 | Lair:6   | Reached skill level 10 in Fighting
 19280 | Lair:6   | Gained mutation: Your large and strong wings let you fly indefinitely. [Gargoyle growth]
 19280 | Lair:6   | Reached XP level 14. HP: 87/88 MP: 13/28
 19358 | Lair:6   | Noticed a dire elephant
 19358 | Lair:6   | Noticed a dire elephant
 19375 | Lair:6   | Noticed a dire elephant
 19387 | Lair:6   | HP: 19/88 [dire elephant (17)]
 19388 | Lair:6   | Noticed a dire elephant
 19389 | Lair:6   | Noticed a dire elephant
 19389 | Lair:6   | Noticed a dire elephant
 19390 | Lair:6   | HP: 7/88 [dire elephant (13)]
 19563 | Lair:5   | Killed a dire elephant
 19563 | Lair:5   | Reached skill level 10 in Staves
 19708 | Lair:6   | HP: 21/88 [dire elephant (6)]
 19709 | Lair:6   | HP: 7/88 [dire elephant (14)]
 19774 | Lair:6   | Killed a dire elephant
 19905 | Lair:6   | Killed a dire elephant
 20156 | Lair:6   | Killed a dire elephant
 20156 | Lair:6   | Reached skill level 11 in Fighting
 20303 | Lair:6   | Killed a dire elephant
 20449 | Lair:6   | Killed a dire elephant
 20563 | Lair:6   | Got a polished ring mail
 20575 | Lair:6   | Identified the +2 ring mail of Cuh Erej {Int+2} (You found it on level 6 of the Lair of Beasts)
 21113 | D:11     | Reached skill level 11 in Staves
 21190 | D:11     | Found Zitiel's Antique Artefacts.
 21340 | D:11     | Bought a translucent jade ring for 110 gold pieces
 21340 | D:11     | Bought a steaming graven amulet for 110 gold pieces
 21340 | D:11     | Identified the amulet of the Final Decision {Spirit rN+ Int+2 Stlth+} (You bought it in a shop on level 11 of the Dungeon)
 21344 | D:11     | Identified the ring "Gaprupoph" {rC+ SInv Stlth-} (You bought it in a shop on level 11 of the Dungeon)
 21893 | D:11     | Reached skill level 12 in Fighting
 22221 | D:11     | Found a staircase to the Orcish Mines.
 22849 | Orc:1    | Entered Level 1 of the Orcish Mines
 23138 | Orc:2    | Entered Level 2 of the Orcish Mines
 23140 | Orc:2    | Found a staircase to the Elven Halls.
 23175 | Orc:1    | Reached skill level 12 in Staves
 23599 | Orc:1    | Noticed Fannar
 23630 | Orc:1    | HP: 22/92 [ice beast[Fannar] (6)]
 23640 | Orc:1    | Identified Sif Muna's Disquisition on Unholy Rites and Ignition (Sif Muna gifted it to you on level 1 of the Orcish Mines)
 23640 | Orc:1    | Received a gift from Sif Muna
 23641 | Orc:1    | Killed Fannar
 23918 | Orc:1    | Learned a level 5 spell: Fireball
 23941 | Orc:1    | Reached skill level 1 in Fire Magic
 24176 | Orc:1    | Reached skill level 2 in Fire Magic
 24307 | Orc:2    | Noticed an orc warlord
 24334 | Orc:1    | Reached skill level 3 in Fire Magic
 24604 | Orc:1    | Reached XP level 15. HP: 35/97 MP: 0/29
 25085 | D:12     | Reached skill level 4 in Fire Magic
 25238 | D:12     | Reached skill level 5 in Fire Magic
 25595 | D:13     | Reached skill level 6 in Fire Magic
 25649 | D:13     | Found a gate to the Vaults.
 25913 | D:13     | Reached skill level 7 in Fire Magic
 26094 | D:13     | Noticed Maurice
 26107 | D:13     | Killed Maurice
 26287 | D:13     | Learned a level 6 spell: Iron Shot
 26400 | D:13     | Received a gift from Sif Muna
 26711 | D:14     | Reached skill level 10 in Earth Magic
 26726 | D:14     | Reached skill level 10 in Conjurations
 26898 | D:14     | HP: 18/97 [skeletal warrior/scimitar[a death knight] (12)]
 26899 | D:14     | HP: 1/97 [skeletal warrior/scimitar[a death knight] (17)]
 28043 | Orc:2    | Found Baseydok's Antique Weapon Shoppe.
 28072 | Orc:2    | Reached skill level 11 in Spellcasting
 28131 | Orc:1    | HP: 17/97 [orc warlord/dire flail (16)]
 28452 | Orc:1    | Killed an orc warlord
 28627 | Orc:2    | Found Fikisch's Armour Shop.
 28693 | Orc:2    | Found Yhogo's Jewellery Boutique.
 29056 | Orc:2    | Found Nulid's General Store.
 29073 | Orc:2    | Bought 2 potions of might for 104 gold pieces
 29213 | Orc:2    | Found Sichasai's Antique Armour Boutique.
 29223 | Orc:2    | Bought a glowing cloak for 262 gold pieces
 29223 | Orc:2    | Bought a shimmering robe for 199 gold pieces
 29223 | Orc:2    | Bought a creamy pearl robe for 199 gold pieces
 29223 | Orc:2    | Bought a brightly glowing robe for 199 gold pieces
 29252 | Orc:2    | Identified the cursed +1 robe of Baudoeb {rF+ rC+ Str-2} (You bought it in a shop on level 2 of the Orcish Mines)
 29263 | Orc:2    | Identified the +1 robe of Ashenzari's Supremacy {rPois rF+ Int+3 Dex+5} (You bought it in a shop on level 2 of the Orcish Mines)
 29273 | Orc:2    | Identified the +1 robe of Makhleb's Pride {rElec} (You bought it in a shop on level 2 of the Orcish Mines)
 29311 | Orc:2    | Bought a heavily runed leather armour for 245 gold pieces
 29321 | Orc:2    | Identified the +2 leather armour of the Vaults {Dex+6} (You bought it in a shop on level 2 of the Orcish Mines)
 29547 | Orc:2    | Reached skill level 1 in Invocations
 29846 | D:15     | Entered Level 15 of the Dungeon
 29883 | D:15     | Reached skill level 2 in Invocations
 29889 | D:15     | HP: 23/97 [skeletal warrior/glaive (18)]
 30109 | D:15     | Reached skill level 3 in Invocations
 30304 | D:15     | Reached skill level 4 in Invocations
 30440 | D:14     | Reached XP level 16. HP: 71/103 MP: 23/31
 30720 | D:15     | Reached skill level 5 in Invocations
 30867 | D:15     | Found a shadowy altar of Dithmenos.
 30921 | D:15     | Identified Sif Muna's Catalogue of the Blaze and Combat Magic (Sif Muna gifted it to you on level 15 of the Dungeon)
 30921 | D:15     | Received a gift from Sif Muna
 30921 | D:15     | Reached skill level 6 in Invocations
 31007 | D:15     | Reached skill level 7 in Invocations
 31030 | D:15     | HP: 25/103 [two-headed ogre/giant club (11)]
 31035 | D:15     | Reached skill level 8 in Invocations
 31042 | D:15     | HP: 19/103 [slime creature (9)]
 31043 | D:15     | HP: 5/103 [slime creature (14)]
 31504 | D:15     | Reached skill level 9 in Invocations
 31731 | D:15     | Reached skill level 11 in Earth Magic
 31925 | D:15     | Found a staircase to the Depths.
 31979 | D:15     | Found a hazy altar of Hepliaklqana.
 31986 | D:15     | Reached skill level 11 in Conjurations
 32482 | Spider:1 | Entered Level 1 of the Spider Nest
 32803 | Spider:1 | Reached skill level 6 in Armour
 33400 | Spider:1 | Reached skill level 7 in Armour
 33400 | Spider:1 | Reached skill level 8 in Dodging
 34594 | Spider:1 | Reached skill level 13 in Fighting
 34673 | Spider:2 | Noticed Louise
 34727 | Spider:1 | HP: 20/104 [wolf spider (8)]
 35114 | Spider:2 | Killed Louise
 35343 | Spider:2 | Reached XP level 17. HP: 107/109 MP: 12/32
 35745 | Spider:2 | Reached skill level 13 in Staves
 36404 | Spider:3 | Reached skill level 14 in Fighting
 36504 | Spider:3 | Identified Vion's Almanac of Supportive Flames (Sif Muna gifted it to you on level 3 of the Spider Nest)
 36504 | Spider:3 | Received a gift from Sif Muna
 37437 | Spider:3 | Noticed Jorgrun
 37448 | Spider:3 | Killed Jorgrun
 37638 | Spider:4 | Entered Level 4 of the Spider Nest
 37646 | Spider:4 | Reached skill level 14 in Staves
 38296 | Spider:4 | Reached skill level 15 in Fighting
 39071 | Spider:4 | Reached XP level 18. HP: 96/119 MP: 1/33
 39278 | Spider:4 | HP: 26/119 [emperor scorpion (13)]
 39282 | Spider:4 | HP: 10/119 [spark wasp (17)]
 39284 | Spider:4 | HP: 3/119 [spark wasp (5)]
 39284 | Spider:4 | Slain by a spark wasp

Vault maps used:
D:1:      dpeg_arrival_radiant
D:3:      minmay_misc_feat_four_crosses, fedhas_altar_2
D:4:      makhleb_heckhound_becter, temple_hall, first_bread, enter_ossuary_3
D:5:      serial_shops, kennysheep_mini
D:6:      kennysheep_generic_room_3, uniq_edmund
D:7:      grunt_livestock, st_stairs_8, interstate_on_off, uniq_duvessa
D:8:      lair_entry_dummy, basic_altar, nicolae_ru_great_annihilating_truth
D:9:      nicolae_benzene_ring
D:10:     uniq_joseph
D:11:     minmay_orc_entry_guard_dogs, nicolae_antique_artefacts
D:13:     david_vaults_2, uniq_maurice
D:14:     serial_park_tiny_1
D:15:     gammafunk_enter_depths_forms, basic_altar,
          grunt_dithmenos_smoke_and_mirrors
Temple:   kilobyte_greek_temple
Lair:1:   st_stairs_3
Lair:2:   nicolae_spider_entry_non_spiders, columned_hall_lemuel,
          kennysheep_abandoned_house
Lair:3:   regret_index_combs_of_tragedy, special_room,
          kennysheep_catoblepas_arena
Lair:4:   elwin_shoals_entry_rooms
Lair:5:   lemuel_fruit_fields, uniq_snorg
Lair:6:   due_jungle_book, dpeg_slime_entry_enclosed_altar, lab_entry_generic
Spider:2: nicolae_spider_nook, uniq_louise
Spider:3: uniq_jorgrun
Spider:4: spider_rune_water, spiders_nest_the_unseen
Orc:1:    uniq_fannar
Orc:2:    grunt_orc_gardens, grunt_orc_garden, grunt_orc_garden,
          grunt_orc_garden, grunt_orc_garden, serial_shops, shop
Lab:      labyrinth_spiral, nicolae_lab_very_dead_end, lab_block,
          labyrinth_skeletal_remains, labyrinth_fake_exit, nicolae_lab_quarters
Ossuary:  ossuary_minmay_four_chambers

Skill      XL: |  1  2  3  4  5  6  7  8  9 10 11 12 13 14 15 16 17 |
---------------+----------------------------------------------------+-----
Earth Magic    | 4 5 6 7 8 9 10 11 | 11.1
Conjurations   | 2 4 5 6 8 9 10 11 | 11.9
Spellcasting   | 3 4 5 7 8 9 10 11 | 11.9
Fighting       | 5 8 10 12 13 15 | 15.0
Armour         | 3 5 7 |  7.1
Evocations     | 5 |  5.4
Staves         | 2 8 9 12 14 | 14.2
Dodging        | 4 7 8 |  8.0
Fire Magic     | 3 7 |  7.7
Invocations    | 4 9 |  9.3
Stealth        | |  2.1
Transmutations | |  0.7

Action                   |  1- 3 |  4- 6 |  7- 9 | 10-12 | 13-15 | 16-18 || total
-------------------------+-------+-------+-------+-------+-------+-------++-------
Melee: Unarmed           |     8 |       |       |       |       |       ||     8
       Dagger            |     5 |       |       |       |       |       ||     5
       Hand axe          |     1 |    39 |   165 |    49 |       |       ||   254
       Headbutt          |       |       |    19 |    83 |   124 |    91 ||   317
       Quarterstaff      |       |       |       |   503 |    58 |       ||   561
       Lajatang          |       |       |       |       |   679 |   665 ||  1344
Throw: Stone             |    14 |     2 |     3 |    17 |    52 |    38 ||   126
       Throwing net      |       |       |     3 |       |       |       ||     3
 Cast: Sandblast         |    38 |    17 |    28 |    62 |    23 |     5 ||   173
       Stone Arrow       |       |    10 |    96 |   244 |   367 |    66 ||   783
       Lee's Rapid Decon |       |       |     1 |    17 |     9 |     7 ||    34
       Mephitic Cloud    |       |       |       |    22 |    27 |    27 ||    76
       Conjure Flame     |       |       |       |     6 |    19 |     5 ||    30
       Iron Shot         |       |       |       |       |    37 |   147 ||   184
       Fireball          |       |       |       |       |     3 |     2 ||     5
Invok: Divine Energy     |       |       |       |     2 |       |       ||     2
       Stop Divine Energ |       |       |       |     1 |       |       ||     1
       Channel Magic     |       |       |       |       |       |     8 ||     8
 Abil: Evoke Ratskin     |       |       |       |     2 |     2 |       ||     4
       Fly               |       |       |       |       |     1 |       ||     1
Evoke: Wand              |       |       |       |     1 |     7 |     1 ||     9
       Lamp of fire      |       |       |       |     1 |     1 |       ||     2
  Use: Scroll            |     1 |     8 |     5 |    10 |    13 |     7 ||    44
       Potion            |       |     2 |     3 |     1 |     9 |     8 ||    23
 Stab: Paralysed         |       |       |       |     3 |       |       ||     3
       Confused          |       |       |       |     4 |     9 |    10 ||    23
       Sleeping          |       |       |       |     1 |     1 |     1 ||     3
       Invisible         |       |       |       |       |     4 |     2 ||     6
       Distracted        |       |       |       |       |       |     1 ||     1
  Eat: Chunk             |     2 |     4 |     5 |    17 |    34 |    10 ||    72
       Bread ration      |       |       |     3 |     3 |     4 |     9 ||    19
       Meat ration       |       |       |       |     1 |       |     1 ||     2
       Fruit             |       |       |       |     1 |     1 |       ||     2
       Royal jelly       |       |       |       |       |     4 |     3 ||     7
Armor: Robe              |    17 |    13 |    52 |       |       |       ||    82
       Skin              |       |     9 |    18 |       |       |       ||    27
       Leather armour    |       |       |    35 |   363 |   448 |   600 ||  1446
Dodge: Dodged            |    27 |    20 |    79 |   424 |   697 |   762 ||  2009

Vault maps used:
D:1:      dpeg_arrival_radiant
D:3:      minmay_misc_feat_four_crosses, fedhas_altar_2
D:4:      makhleb_heckhound_becter, temple_hall, first_bread, enter_ossuary_3
D:5:      serial_shops, kennysheep_mini
D:6:      kennysheep_generic_room_3, uniq_edmund
D:7:      grunt_livestock, st_stairs_8, interstate_on_off, uniq_duvessa
D:8:      lair_entry_dummy, basic_altar, nicolae_ru_great_annihilating_truth
D:9:      nicolae_benzene_ring
D:10:     uniq_joseph
D:11:     minmay_orc_entry_guard_dogs, nicolae_antique_artefacts
D:13:     david_vaults_2, uniq_maurice
D:14:     serial_park_tiny_1
D:15:     gammafunk_enter_depths_forms, basic_altar,
          grunt_dithmenos_smoke_and_mirrors
Temple:   kilobyte_greek_temple
Lair:1:   st_stairs_3
Lair:2:   nicolae_spider_entry_non_spiders, columned_hall_lemuel,
          kennysheep_abandoned_house
Lair:3:   regret_index_combs_of_tragedy, special_room,
          kennysheep_catoblepas_arena
Lair:4:   elwin_shoals_entry_rooms
Lair:5:   lemuel_fruit_fields, uniq_snorg
Lair:6:   due_jungle_book, dpeg_slime_entry_enclosed_altar, lab_entry_generic
Spider:2: nicolae_spider_nook, uniq_louise
Spider:3: uniq_jorgrun
Spider:4: spider_rune_water, spiders_nest_the_unseen
Orc:1:    uniq_fannar
Orc:2:    grunt_orc_gardens, grunt_orc_garden, grunt_orc_garden,
          grunt_orc_garden, grunt_orc_garden, serial_shops, shop
Lab:      labyrinth_spiral, nicolae_lab_very_dead_end, lab_block,
          labyrinth_skeletal_remains, labyrinth_fake_exit, nicolae_lab_quarters
Ossuary:  ossuary_minmay_four_chambers

Table legend:
 A = Turns spent in this place as a percentage of turns spent in the entire game.
 B = Non-inter-level travel turns spent in this place as a percentage of non-inter-level travel turns spent in the entire game.
 C = Inter-level travel turns spent in this place as a percentage of turns spent in this place.
 D = Turns resting spent in this place as a percentage of non-inter-level travel turns spent in this place.
 E = Turns spent auto-exploring this place as a percentage of non-inter-level travel turns spent in this place.
 F = Non-inter-level travel turns spent in this place divided by the number of levels of this place that you've seen.
                   A       B       C       D       E      F
               +-------+-------+-------+-------+-------+----------------------
         Total | 100.0 | 100.0 |   0.6 |   4.5 |   7.7 | 333.2
       Dungeon |  42.7 |  42.7 |   0.7 |   4.3 |  10.8 | 284.3
        Temple |   0.6 |   0.6 |   1.7 |   0.0 |   0.0 |  59.0
          Lair |  25.1 |  25.1 |   0.5 |   5.5 |   6.1 | 417.8
   Spider Nest |  20.3 |  20.4 |   0.3 |   4.1 |   4.6 | 509.0
  Orcish Mines |   8.2 |   8.2 |   0.5 |   5.1 |   6.4 | 411.5
     Labyrinth |   2.1 |   2.2 |   0.0 |   0.9 |   0.0 | 215.0
       Ossuary |   0.9 |   0.9 |   0.0 |   3.3 |   9.8 |  92.0
               +-------+-------+-------+-------+-------+----------------------

Table legend:
 A = Kills in this place as a percentage of kills in entire the game.
 B = Kills by you in this place as a percentage of kills by you in the entire game.
 C = Kills by friends in this place as a percentage of kills by friends in the entire game.
 D = Other kills in this place as a percentage of other kills in the entire game.
 E = Experience gained in this place as a percentage of experience gained in the entire game.
 F = Experience gained in this place divided by the number of levels of this place that you have seen.
                   A       B       C       D       E      F
               +-------+-------+-------+-------+-------+----------------------
         Total | 100.0 | 100.0 | 100.0 | 100.0 | 100.0 | 8272.5
       Dungeon |  42.5 |  43.4 |  16.7 |   0.0 |  32.3 | 5342.0
          Lair |  22.9 |  22.2 |  33.3 |  55.6 |  22.6 | 9339.2
   Spider Nest |  23.6 |  23.1 |  50.0 |  38.9 |  37.2 | 23075.5
  Orcish Mines |  10.4 |  10.5 |   0.0 |   5.6 |   7.5 | 9359.5
     Labyrinth |   0.1 |   0.1 |   0.0 |   0.0 |   0.3 | 755.0
       Ossuary |   0.6 |   0.6 |   0.0 |   0.0 |   0.1 | 233.0
               +-------+-------+-------+-------+-------+----------------------
